Map: [ESL] Solaris

Players

sOs

  • Race: Protoss Protoss
  • League: Master
  • Spawn Location: 1:00

Firefly - Winner!

  • Race: Protoss Protoss
  • Spawn Location: 7:00

Event: IEM Katowice 2024

VOD

Have the link to the VOD?

Description

Time

  • Played on: Dec. 6, 2023, 6:03 a.m.
  • Length: 11:08

All games in this series

Show
View Real Time Build Order
Export as new Build Order

sOs Protoss 

Build Orders: Oracle Opening 

Get SALT Encoding   

  12  0:00  Probe  
  13  0:12  Probe  
  14  0:19  Pylon  
  14  0:24  Probe  
  15  0:37  Probe (Chrono Boost)  
  15  0:39  Gateway  
  16  0:46  Assimilator, Probe (Chrono Boost)  
  17  0:51  Probe (Chrono Boost)  
  18  0:57  Assimilator  
  18  1:03  Probe (Chrono Boost)  
  19  1:07  Gateway  
  19  1:12  Probe (Chrono Boost)  
  19  1:17  Probe (Chrono Boost)  
  21  1:26  Cybernetics Core  
  21  1:29  Probe  
  22  1:35  Pylon  
  22  1:42  Probe  
  23  1:54  Probe  
  24  2:02  Warp Gate, Stalker  
  24  2:05  Sentry  
  28  2:12  Pylon  
  28  2:17  Probe  
  29  2:27  Pylon  
  29  2:33  Stargate  
  29  2:41  Stalker  
  31  2:55  Nexus  
  31  3:02  Shield Battery  
  31  3:07  Probe  
  31  3:11  Stalker  
  34  3:17  Oracle (Chrono Boost)  
  37  3:34  Shield Battery  
  37  3:40  Pylon  
  37  3:55  Oracle (Chrono Boost)  
  37  3:57  Stalker  
  37  3:59  Probe (Chrono Boost)  
  43  4:07  Stalker  
  43  4:08  Probe (Chrono Boost)  
  46  4:16  Probe (Chrono Boost)  
  48  4:18  Probe (Chrono Boost)  
  48  4:23  Probe (Chrono Boost)  
  48  4:27  Probe (Chrono Boost)  
  48  4:29  Robotics Facility  
  50  4:35  Probe (Chrono Boost)  
  52  4:41  Probe x2 (Chrono Boost)  
  52  4:43  Pylon  
  53  4:48  Sentry, Probe  
  53  4:49  Probe  
  57  5:00  Probe  
  57  5:01  Probe  
  59  5:08  Pylon  
  59  5:13  Probe  
  57  5:16  Probe  
  57  5:17  Observer (Chrono Boost)  
  59  5:25  Assimilator, Probe  
  60  5:31  Nexus, Immortal (Chrono Boost)  
  64  5:36  Probe  
  64  5:37  Probe  
  64  5:38  Pylon  
  66  5:44  Forge  
  66  5:51  Probe x2  
  66  5:56  Twilight Council  
  68  5:59  Immortal (Chrono Boost)  
  72  6:05  Probe x2  
  72  6:07  Stalker  
  72  6:09  Stalker  
  78  6:12  Shield Battery  
  78  6:21  Protoss Ground Weapons Level 1 (Chrono Boost)  
  78  6:22  Probe x2  
  80  6:34  Probe x2  
  80  6:38  Charge  
  82  6:43  Gateway  
  82  6:44  Gateway  
  82  6:45  Immortal  
  82  6:46  Probe x2  
  88  6:50  Gateway  
  88  6:52  Probe  
  89  6:58  Probe x2  
  91  7:02  Gateway  
  91  7:04  Gateway  
  91  7:05  Gateway  
  91  7:08  Probe  
  92  7:10  Probe  
  92  7:13  Templar Archives  
  93  7:16  Zealot x2  
  93  7:21  Pylon  
  97  7:22  Pylon  
  97  7:26  Warp Prism  
  99  7:39  Zealot x2, Pylon  
  99  7:40  Zealot  
  99  7:41  Zealot  
  99  7:43  Pylon  
  107  7:44  Pylon  
  107  7:46  Observer  
  107  7:51  Pylon  
  107  7:55  Pylon  
  107  7:56  High Templar  
  107  7:57  High Templar  
  111  8:00  Archon  
  111  8:02  Nexus  
  111  8:08  Observer  
  111  8:09  Zealot x5  
  122  8:14  Shield Battery  
  122  8:22  Zealot  
  124  8:34  High Templar  
  124  8:35  High Templar, Zealot x5  
  124  8:39  Archon  
  124  8:40  Probe  
  139  8:45  Warp Prism  
  137  8:49  Zealot  
  137  8:52  Probe  
  130  8:56  Zealot x3  
  89  9:46  Nexus  
  89  9:49  Phoenix  
  86  10:18  Pylon  
Show
View Real Time Build Order
Export as new Build Order

Firefly Protoss - Winner!

Build Orders: Zealot Archon 

Get SALT Encoding   

  12  0:00  Probe  
  13  0:12  Probe  
  14  0:17  Pylon  
  14  0:24  Probe  
  15  0:36  Gateway, Probe (Chrono Boost)  
  16  0:46  Assimilator, Probe (Chrono Boost)  
  17  0:51  Probe (Chrono Boost)  
  18  1:00  Assimilator  
  18  1:03  Probe (Chrono Boost)  
  19  1:09  Gateway  
  19  1:15  Probe (Chrono Boost)  
  20  1:21  Probe  
  21  1:25  Cybernetics Core  
  21  1:33  Probe  
  21  1:39  Pylon  
  22  1:49  Probe  
  23  1:59  Warp Gate (Chrono Boost)  
  23  2:02  Stalker x2  
  28  2:11  Pylon  
  27  2:32  Stalker x2  
  31  2:44  Probe  
  31  2:55  Nexus  
  31  3:03  Stalker  
  33  3:09  Stalker  
  35  3:17  Shield Battery  
  35  3:23  Pylon  
  35  3:25  Probe  
  36  3:38  Probe  
  36  3:39  Twilight Council  
  37  3:42  Pylon  
  37  3:46  Sentry x2  
  41  3:50  Probe (Chrono Boost)  
  42  4:01  Probe (Chrono Boost)  
  43  4:06  Probe (Chrono Boost)  
  43  4:08  Probe (Chrono Boost)  
  45  4:10  Shield Battery  
  45  4:16  Blink (Chrono Boost), Probe  
  46  4:18  Phoenix  
  46  4:21  Probe  
  47  4:28  Probe  
  48  4:34  Probe (Chrono Boost)  
  50  4:45  Probe (Chrono Boost)  
  50  4:49  Probe (Chrono Boost)  
  52  4:54  Probe x2 (Chrono Boost)  
  53  5:02  Phoenix  
  53  5:03  Nexus  
  53  5:04  Forge  
  53  5:06  Probe (Chrono Boost)  
  52  5:09  Probe (Chrono Boost)  
  52  5:17  Pylon  
  54  5:21  Probe (Chrono Boost)  
  54  5:22  Probe (Chrono Boost)  
  54  5:26  Probe (Chrono Boost)  
  55  5:29  Probe  
  55  5:31  Robotics Facility  
  55  5:33  Protoss Ground Weapons Level 1  
  56  5:36  Probe  
  56  5:39  Shield Battery  
  56  5:41  Probe (Chrono Boost)  
  58  5:44  Assimilator  
  58  5:45  Stalker x2  
  58  5:47  Stalker x2  
  63  5:53  Probe (Chrono Boost)  
  63  5:54  Probe (Chrono Boost)  
  63  5:55  Pylon  
  64  5:59  Probe (Chrono Boost)  
  64  6:02  Probe (Chrono Boost)  
  66  6:06  Gateway  
  66  6:07  Probe  
  66  6:09  Gateway  
  67  6:12  Phoenix  
  67  6:13  Probe (Chrono Boost)  
  68  6:19  Probe (Chrono Boost)  
  68  6:21  Probe (Chrono Boost)  
  68  6:25  Probe (Chrono Boost)  
  71  6:27  Charge  
  71  6:30  Gateway x2, Probe (Chrono Boost)  
  71  6:31  Probe (Chrono Boost)  
  73  6:35  Probe x2 (Chrono Boost)  
  75  6:43  Probe  
  75  6:45  Probe  
  77  6:47  Gateway x2  
  77  6:48  Warp Prism  
  79  6:55  Templar Archives  
  79  6:58  Pylon  
  79  7:00  Pylon  
  79  7:06  Gateway  
  79  7:07  Gateway  
  79  7:08  Pylon  
  79  7:10  Pylon  
  79  7:17  Phoenix  
  79  7:18  Probe  
  80  7:26  Immortal (Chrono Boost)  
  84  7:33  High Templar  
  84  7:34  Nexus, High Templar  
  88  7:38  Zealot x2, Archon  
  88  7:39  Pylon  
  88  7:43  Pylon  
  92  7:48  Photon Cannon  
  90  7:54  High Templar  
  90  7:56  High Templar, Zealot x2  
  98  8:03  Archon  
  98  8:04  Photon Cannon  
  98  8:06  Photon Cannon  
  98  8:08  Observer  
  99  8:14  Shield Battery  
  99  8:15  Zealot x6  
  111  8:26  Zealot x3  
  117  8:43  Zealot x7  
  131  8:57  Zealot x3  
  130  9:04  Stalker x5  
  135  9:12  High Templar  
  135  9:13  Zealot  
  128  9:18  Pylon  
  128  9:21  Pylon  
  128  9:24  Pylon  
  121  9:29  Pylon  
  121  9:51  Cybernetics Core  
  115  10:15  Nexus  
  115  10:25  Nexus  
  115  10:36  Archon  

Tags
 
Add a new tag
Caveats
  • Supply blocks, unpowered buildings, or Contaminate may cause inaccurate times.
  • Supply counts are checked every 10 seconds.